 Dungeon Crawl Stone Soup version 0.24-a0-235-g3f03afc (webtiles) character file.

Game seed: 752305415638201012

105 xeno23 the Sneak (level 4, -3/29 HPs)
             Began as an Octopode Assassin on Apr 7, 2019.
             Was a Follower of Uskayaw.
             Slain by a gnoll shaman
             ... wielding a +0 whip
              (11 damage)
             ... on level 4 of the Dungeon.
             The game lasted 00:04:38 (1333 turns).

xeno23 the Sneak (Octopode Assassin)                Turns: 1333, Time: 00:04:38

Health: -3/29      AC:  1    Str: 16    XL:     4   Next: 81%
Magic:  4/4        EV: 13    Int: 13    God:    Uskayaw [*.....]
Gold:   92         SH:  0    Dex: 14    Spells: 3/3 levels left

rFire    . . .     SeeInvis .   p - +0 whip (venom)
rCold    . . .     Gourm    .   (no shield)
rNeg     . . .     Faith    .   (helmet restricted)
rPois    .         Spirit   .   n - amulet of magic regeneration
rElec    .         Reflect  .   g - ring of protection from magic
rCorr    .         Harm     .   m - ring of attention (curse)
MR       +....                  v - +6 ring of strength
Stlth    +++.......             x - ring of flight
HPRegen  0.09/turn              (no ring)
MPRegen  0.34/turn              (no ring)
                                (no ring)
                                (no ring)

@: no status effects
A: almost no armour, stealthy swim, amphibious, 8 rings, constrict 8, camouflage
1, gelatinous body 1
a: Stomp, Renounce Religion, Evoke Flight


You were on level 4 of the Dungeon.
You worshipped Uskayaw.
Uskayaw was noncommittal.
You were not hungry.

You visited 1 branch of the dungeon, and saw 4 of its levels.

You collected 92 gold pieces.

Inventory:

Hand Weapons
 a - a +2 dagger
 b - a +0 blowgun
 p - a +0 whip of venom (weapon)
Missiles
 c - 19 poisoned needles
 d - 2 curare-tipped needles
 u - 2 throwing nets (quivered)
Jewellery
 g - a ring of protection from magic (left tentacle)
 m - a cursed ring of attention (right tentacle)
 n - an amulet of magic regeneration (around mantle)
 v - a +6 ring of strength (on tentacle)
 x - a ring of flight (on tentacle)
Scrolls
 i - a scroll of enchant armour {unknown}
 l - a scroll of remove curse {unknown}
 o - a scroll of noise {unknown}
 r - 4 scrolls of teleportation
 t - a scroll of fog {unknown}
 w - 2 scrolls of identify {unknown}
Potions
 e - a potion of might {unknown}
 j - a potion of heal wounds {unknown}
 k - 2 potions of agility {unknown}
 q - a potion of curing {unknown}
 s - a potion of invisibility {unknown}
 z - a potion of ambrosia {unknown}
Comestibles
 f - 5 rations


   Skills:
 - Level 2.0 Fighting
 * Level 4.1 Short Blades
 - Level 2.0 Throwing
 - Level 1.0 Dodging
 + Level 6.4 Stealth


You had 3 spell levels left.
You didn't know any spells.
Your spell library was empty.

Dungeon Overview and Level Annotations

Branches:
Dungeon (4/15)
 Temple: D:4-7

Altars:
Ashenzari
Kikubaaqudgha
Qazlal
Trog
Uskayaw
Vehumet


Innate Abilities, Weirdness & Mutations

You cannot wear most types of armour.
You are very stealthy in the water. (Stealth+)
You are amphibious.
You can wear up to eight rings at the same time.
You can use your tentacles to constrict eight enemies at once.
Your skin changes colour to match your surroundings (Stealth+).
Your rubbery body absorbs attacks. (AC +1, EV +1)


Message History

You take 10 damage.
You release your grip on the gnoll shaman.
You can no longer pass through a line of other dancers.
You hit the gnoll shaman but do no damage.
The gnoll shaman looks even sicker.
Your grab misses the gnoll shaman. Your squeeze misses the gnoll shaman.
The gnoll shaman is moderately wounded.
The gnoll shaman hits you with a +0 whip.
* * * LOW HITPOINT WARNING * * *
You take 4 damage.
You closely miss the gnoll shaman. Your grab misses the gnoll shaman.
Your squeeze misses the gnoll shaman.
The gnoll shaman is moderately wounded.
The gnoll shaman closely misses you. x2
You hit the gnoll shaman but do no damage.
The gnoll shaman looks as sick as possible!
Your grab misses the gnoll shaman. Your squeeze misses the gnoll shaman.
The gnoll shaman is moderately wounded.
The gnoll shaman hits you with a +0 whip!
You die...

#...####.g##...≈≈P≈≈
#..#...###....P≈PP
#.....###....!..#
##....##........#
##...#†........#
#....g..g......##.
#####g###.........
#..###g..##
##..g@...# #...##..#
##...# ..# ##....#
..# ##....## ..#
#......##..# ###
#........#.#
#.###..####....#
##.##.## .....


You could see a gnoll shaman and a gnoll.

Vanquished Creatures
  2 gnolls (D:4)
  3 adders
  An ooze (D:1)
  2 worms
  A dart slug (D:1)
  2 leopard geckos
  6 bats
  2 giant cockroaches
  11 goblins
  3 hobgoblins
  A quokka (D:3)
  2 frilled lizards (D:1)
  A giant cockroach zombie (D:3)
  7 kobolds
  4 rats
48 creatures vanquished.

Notes
Turn   | Place    | Note
-------+----------+-------------------------------------------
     0 | D:1      | xeno23 the Octopode Assassin began the quest for the Orb.
     0 | D:1      | Reached XP level 1. HP: 14/14 MP: 1/1
   176 | D:1      | Reached XP level 2. HP: 19/19 MP: 2/2
   381 | D:1      | Reached XP level 3. HP: 20/24 MP: 3/3
   569 | D:2      | Reached skill level 6 in Stealth
   773 | D:2      | You fall through a shaft!
   773 | D:3      | Found a hide-covered altar of Uskayaw.
   774 | D:3      | Noticed a +0 hand axe
   774 | D:3      | Noticed a +0 dagger
   804 | D:3      | Became a worshipper of Uskayaw the Reveler
   849 | D:3      | Found a shattered altar of Ashenzari.
   849 | D:3      | Found a stormy altar of Qazlal.
   849 | D:3      | Found a radiant altar of Vehumet.
   850 | D:3      | Found a bloodstained altar of Trog.
   908 | D:3      | Reached * piety under Uskayaw
   933 | D:3      | Reached XP level 4. HP: 24/29 MP: 4/4
  1058 | D:3      | Reached ** piety under Uskayaw
  1065 | D:3      | Reached *** piety under Uskayaw
  1076 | D:3      | Found an ancient bone altar of Kikubaaqudgha.
  1333 | D:4      | Slain by a gnoll shaman

Levels and vault maps discovered:
D:1:      lordsloth_arrival_two_stooges, layout_basic
D:2:      layout_loops_corners, nicolae_dithmenos_through_a_glass_darkly
D:3:      layout_rooms, lemuel_doored_altar, dancing_weapons_uskayaw,
          chequers_temple_overflow_statue_of_worship, minivault_19
D:4:      layout_layer_cave, serial_bayou_pond_c, uniq_edmund, uniq_robin

Skill      XL: |  1  2  3  4 |
---------------+-------------+-----
Short Blades   | 3 4 |  4.1
Stealth        | 6 |  6.4
Fighting       | |  2.0
Throwing       | |  2.0
Dodging        | |  1.0

Action                   |  1- 3 |  4- 6 || total
-------------------------+-------+-------++-------
Melee: Dagger            |    40 |       ||    40
       Constrict         |     9 |     7 ||    16
       Tentacles         |     8 |     5 ||    13
       Whip              |     7 |    29 ||    36
  Use: Scroll            |       |     1 ||     1
 Stab: Sleeping          |    17 |     2 ||    19
       Paralysed         |       |     2 ||     2
  Eat: Chunk             |       |     1 ||     1
Armor: Skin              |     1 |     1 ||     2
Dodge: Dodged            |    11 |    17 ||    28

Table legend:
 A = Non-vault XP
 B = Vault XP
 C = Vault XP percentage of total XP
 D = Non-vault monster count
 E = Vault monster count
 F = Vault count percentage of total count
                 A         B        C        D         E       F
            +---------+---------+-------+---------+---------+-------
      Total |     150 |       0 |   0.0 |      48 |       0 |   0.0
            +---------+---------+-------+---------+---------+-------
        D:1 |      47 |       0 |   0.0 |      24 |       0 |   0.0
        D:2 |      24 |       0 |   0.0 |       7 |       0 |   0.0
        D:3 |      51 |       0 |   0.0 |      15 |       0 |   0.0
        D:4 |      28 |       0 |   0.0 |       2 |       0 |   0.0
            +---------+---------+-------+---------+---------+-------
